 Dungeon Crawl Stone Soup version 0.30-a0-738-g116ff8c4af (webtiles) character file.

Game seed: 15678297323345132568

116 Trogtastic the Shooter (level 5, 0/46 HPs)
             Began as a Hill Orc Hunter on Feb 3, 2023.
             Slain by a scorpion (4 damage)
             ... on level 4 of the Dungeon.
             The game lasted 00:02:33 (2500 turns).

Trogtastic the Shooter (Hill Orc Hunter)            Turns: 2500, Time: 00:02:34

Health: 0/46       AC:  3    Str: 14    XL:     5   Next: 0%
Magic:  5/5        EV: 12    Int:  9    God:
Gold:   105        SH:  0    Dex: 16    Spells: 4/4 levels left

rFire   . . .      SeeInvis .    a - +0 shortbow
rCold   . . .      Faith    .    (shield currently unavailable)
rNeg    . . .      Spirit   .    c - +0 leather armour
rPois   .          Reflect  .    (no helmet)
rElec   .          Harm     .    (no cloak)
rCorr   .          Rampage  .    (no gloves)
Will    .....                    (no boots)
Stlth   ++                       (no amulet)
HPRegen 0.27/turn                j - ring of flight
MPRegen 0.09/turn                (no ring)

@: lethally poisoned (0 -> -1), flying, hasted, very quick
A: no striking features
a: no special abilities


You were on level 4 of the Dungeon.
You visited 1 branch of the dungeon, and saw 4 of its levels.

You collected 105 gold pieces.

Inventory:

Hand Weapons
 a - a +0 shortbow (weapon)
Armour
 c - a +0 leather armour (worn)
Jewellery
 j - a ring of flight (left hand)
Scrolls
 b - a scroll of immolation
 d - 2 scrolls of enchant weapon {unknown}
 e - 3 scrolls of identify {unknown}
 f - a scroll of butterflies {unknown}
 h - 2 scrolls of teleportation {unknown}
 i - a scroll of enchant armour {unknown}
 l - a scroll of poison {unknown}
 m - a scroll of noise {unknown}
 n - a scroll of brand weapon {unknown}
 o - 2 scrolls of fog {unknown}


   Skills:
 + Level 3.7 Fighting
 + Level 4.2 Ranged Weapons
 + Level 2.3 Dodging
 + Level 2.1 Stealth


You had 4 spell levels left.
You didn't know any spells.
Your spell library contained the following spells:

 Spells                   Type           Power      Damage    Failure   Level
 Sublimation of Blood     Necr           0%         N/A       61%         2
 Petrify                  Tmut/Erth      0%         N/A       99%         4
 Alistair's Intoxication  Tmut/Pois      0%         N/A       100%        5
 Borgnjor's Vile Clutch   Necr/Erth      0%         N/A       100%        5
 Irradiate                Conj/Tmut      0%         3d11      100%        5
 Eringya's Noxious Bog    Tmut/Pois      0%         N/A       100%        6


Dungeon Overview and Level Annotations

Branches:
Dungeon (4/15)
 Temple: D:4-7

Altars:
Sif Muna
Xom

Shops:
D:1 =


Message History

You are too injured to fight recklessly!
You are too injured to fight recklessly!
You are too injured to fight recklessly!
You are too injured to fight recklessly!
You are too injured to fight recklessly!
You are too injured to fight recklessly!
You are too injured to fight recklessly!
You are too injured to fight recklessly!
You are too injured to fight recklessly!
You are too injured to fight recklessly!
Okay, then.
You shoot an arrow. The arrow hits the scorpion.
The scorpion is severely wounded.
You feel sick.
The scorpion stings you but does no damage.
The scorpion stings you.
You are more poisoned.
The scorpion poisons you!
You shoot an arrow. The arrow closely misses the scorpion.
You feel sick. The scorpion closely misses you.
You shoot an arrow.
The arrow hits the scorpion but does no damage.
The scorpion is severely wounded.
You feel very sick.
The scorpion stings you but does no damage.
The scorpion closely misses you.
You shoot an arrow. The arrow hits the scorpion.
The scorpion is severely wounded.
You feel sick. The scorpion barely misses you. The scorpion stings you.
* * * LOW HITPOINT WARNING * * *
You shoot an arrow.
The arrow hits the scorpion but does no damage.
The scorpion is severely wounded.
You feel sick.
The scorpion stings you but does no damage.
It was a potion of magic.
Magic courses through your body.
You feel sick. The scorpion barely misses you.
It was a potion of haste.
You feel yourself speed up.
You feel sick. The scorpion stings you.
You die...

#######
#..@s.#
#!#.#.#
.. .#.
.. ##
.# #.
## #.
.# # #


You could see a scorpion.

Vanquished Creatures
  An iguana (D:3)
  5 adders
  2 dart slugs
  2 bats
  5 endoplasms
  4 giant cockroaches
  3 goblins
  5 hobgoblins
  6 kobolds
  2 quokkas (D:3)
  2 ball pythons
  2 frilled lizards (D:2)
  3 rats
42 creatures vanquished.

Notes
Turn   | Place    | Note
-------+----------+-------------------------------------------
     0 | D:1      | Trogtastic the Hill Orc Hunter began the quest for the Orb.
     0 | D:1      | Reached XP level 1. HP: 18/18 MP: 1/1
   114 | D:1      | Reached skill level 1 in Stealth
   151 | D:1      | Reached XP level 2. HP: 25/25 MP: 2/2
   484 | D:1      | Found Lanip's Jewellery Shoppe.
  1063 | D:2      | Reached XP level 3. HP: 30/30 MP: 3/3
  1080 | D:2      | Found a faded altar of an unknown god.
  1236 | D:2      | Found a shimmering blue altar of Sif Muna.
  1647 | D:2      | Reached skill level 4 in Ranged Weapons
  1806 | D:3      | Reached XP level 4. HP: 38/38 MP: 4/4
  1954 | D:3      | Found a shimmering altar of Xom.
  2179 | D:3      | Reached XP level 5. HP: 28/46 MP: 5/5
  2500 | D:4      | Slain by a scorpion

Illustrated notes

Levels and vault maps discovered:
D:1:      spicycebolla_green_bress_n_ham_2, layout_basic, serial_shops,
          shop_statue, serial_bayou_crossing
D:2:      layout_loops_corners, basic_altar,
          hellmonk_ecumenical_altar_prayer_group
D:3:      layout_loops_cross, tgw_xom
D:4:      layout_loops_cross, nicolae_ru_sacrificial_ziggurat,
          mainiacjoe_overflow_chevrons, nicolae_elevator_lobby_plus, uniq_edmund

Skill      XL: |  1  2  3  4 |
---------------+-------------+-----
Stealth        | 1 2 |  2.1
Fighting       | 3 |  3.7
Dodging        | 2 |  2.3
Ranged Weapons | 4 |  4.2

Action                     |  1- 3 |  4- 6 || total
---------------------------+-------+-------++-------
   Fire: Shortbow          |    84 |    44 ||   128
    Use: Potion            |       |     2 ||     2
 Armour: Leather armour    |     3 |    19 ||    22
  Dodge: Dodged            |    21 |    34 ||    55

Table legend: (Time is in decaauts)
 A = Elapsed time spent in this place.
 B = Non-inter-level travel time spent in this place.
 C = Inter-level travel time spent in this place.
 D = Time resting spent in this place.
 E = Time spent auto-exploring this place.
 F = Levels seen in this place.
 G = Mean time per level.
                   A        B        C        D        E       F      G
               +--------+--------+--------+--------+--------+-----+--------+
         Total |   2546 |   2509 |     37 |      0 |   2239 |   4 |  636.5 |
       Dungeon |   2546 |   2509 |     37 |      0 |   2239 |   4 |  636.5 |
               +--------+--------+--------+--------+--------+-----+--------+

Top non-repeatable levels by time:
     D:1: 951 daAuts
     D:2: 802 daAuts
     D:3: 772 daAuts
     D:4: 20 daAuts
